AoeStats
← Darealown

Arena

509954077Analyzed
4v4 RM · 5d ago on Sep 28, 2026· 38m 24s· 8 players
Game mode
Random Map
Map size
Large (8 player)
Population
200
Speed
Normal
Resources
Standard
Victory
Conquest
Starting age
Dark Age
Ending age
Imperial Age
RankedLock teamsTeams togetherTeam positionsShared explorationLock speedFull tech treeHidden civsTurbo modeCheats
Victory
Defeat
🇫🇷 Khmer · France
1407
+17
🇫🇷 Saracens · France
1378
+19
🇫🇷 Burgundians · France
1371
+19
🇨🇱 Persians · Chile
1360
+19
🇹🇷 Goths · Türkiye
1467
-20
🇲🇽 Cumans · Mexico
1450
-19
🇩🇪 Maya · Germany
1419
-18
🇬🇧 Gurjaras · United Kingdom
1403
-17
docsparkles
10:20 Feudal Age
11:51 Double-Bit Axe
14:30 Castle Age
13:18 Horse Collar
15:53 Bow Saw
21:17 Loom
24:48 Wheelbarrow
24:59 Scale Barding Armor
25:05 Forging
26:36 Husbandry
26:49 Bloodlines
27:52 Iron Casting
31:13 Chain Barding Armor
35:59 Imperial Age
33:15 Town Watch
33:46 Hand Cart
34:34 Town Patrol
37:20 Plate Barding Armor
37:10 Conscription
36:38 Heavy Camel Rider
38:52 Frontier Guards
botas.el.gato
9:19 Feudal Age
17:17 Castle Age
16:37 Double-Bit Axe
17:54 Loom
Darealown
0:28 Loom
10:51 Feudal Age
12:20 Double-Bit Axe
14:41 Castle Age
12:36 Horse Collar
14:16 Stone Mining
14:20 Gold Mining
15:38 Bow Saw
15:45 Heavy Plow
21:31 Wheelbarrow
21:54 Town Watch
24:56 Hand Cart
25:38 Masonry
25:08 Treadmill Crane
31:21 Fortified Wall
32:47 Padded Archer Armor
33:39 Fletching
35:56 Ballistics
36:08 Bodkin Arrow
36:29 Leather Archer Armor
JavelinMen
8:49 Feudal Age
9:23 Double-Bit Axe
9:19 Horse Collar
16:08 Castle Age
14:33 Stone Mining
17:48 Bow Saw
21:01 Loom
26:04 Fletching
26:17 Pikeman
29:57 Scale Mail Armor
30:08 Forging
31:11 Squires
32:19 Wheelbarrow
32:01 Anarchy
33:59 Chain Mail Armor
34:19 Iron Casting
33:59 Heavy Plow
34:02 Gold Mining
34:59 Hand Cart
vN eRaaz
10:17 Feudal Age
14:32 Castle Age
12:46 Double-Bit Axe
15:23 Bloodlines
23:03 Horse Collar
24:40 Wheelbarrow
24:20 Bow Saw
28:55 Heavy Plow
29:58 Husbandry
30:07 Stone Mining
31:33 Gold Mining
32:59 Scale Barding Armor
33:05 Forging
32:44 Loom
34:26 Chain Barding Armor
35:15 Pikeman
35:58 Padded Archer Armor
36:00 Scale Mail Armor
36:22 Fletching
39:25 Imperial Age
37:42 Gambesons
38:22 Chain Mail Armor
37:57 Town Watch
38:29 Hand Cart
Saymyname3451
9:45 Feudal Age
9:28 Double-Bit Axe
12:06 Horse Collar
16:06 Castle Age
15:33 Bow Saw
18:21 Wheelbarrow
18:00 Heavy Plow
21:02 Loom
21:41 Gold Mining
22:57 Stone Mining
24:16 Hand Cart
26:47 Gold Shaft Mining
30:45 Imperial Age
29:26 Scale Barding Armor
29:32 Forging
30:06 Stone Shaft Mining
31:02 Chain Barding Armor
31:05 Husbandry
31:47 Iron Casting
30:59 Cavalier
32:48 Plate Barding Armor
32:48 Conscription
32:42 Burgundian Vineyards
33:15 Crop Rotation
33:48 Two-Man Saw
32:50 Paladin
35:22 Blast Furnace
34:13 Fletching
36:16 Light Cavalry
37:26 Elite Coustillier
eS I Zytek
8:30 Loom
11:01 Feudal Age
14:05 Castle Age
12:18 Double-Bit Axe
15:08 Bow Saw
15:24 Horse Collar
21:34 Heavy Plow
25:54 Wheelbarrow
25:05 Town Watch
32:28 Imperial Age
31:44 Fletching
32:23 Bodkin Arrow
34:50 Hand Cart
_Mewtwo
9:38 Feudal Age
13:20 Castle Age
12:01 Double-Bit Axe
12:31 Horse Collar
12:37 Loom
22:24 Scale Barding Armor
25:14 Forging
29:05 Wheelbarrow
30:25 Iron Casting
30:38 Bow Saw
32:01 Heavy Plow
33:14 Gold Mining
34:57 Hand Cart
38:01 Imperial Age
35:49 Padded Archer Armor
36:13 Town Watch
37:46 Leather Archer Armor
39:22 Chemistry
38:44 Conscription
38:55 Crop Rotation
39:27 Two-Man Saw
Connection lost

Rejoining the realm…

Still unreachable

The connection could not be restored.

Session expired

The server has moved on; the page needs a fresh start.